AoeStats
← 无助小羊

African Clearing

510733664Analyzed
2v2 RM · 1d ago on Oct 2, 2026· 27m 14s· 4 players
Game mode
Random Map
Map size
Medium (4 player)
Population
200
Speed
Normal
Resources
Standard
Victory
Conquest
Starting age
Dark Age
Ending age
Imperial Age
RankedLock teamsTeams togetherTeam positionsShared explorationLock speedFull tech treeHidden civsTurbo modeCheats
Victory
Defeat
🇨🇳 Spanish · China
1375
+16
🇬🇧 Mongols · United Kingdom
1269
+20
🇩🇪 Saxons · Germany
1436
-20
🇩🇪 Lithuanians · Germany
1313
-16
无助小羊
2:51 Loom
12:35 Feudal Age
16:55 Castle Age
15:24 Double-Bit Axe
18:41 Wheelbarrow
24:18 Husbandry
24:58 Bloodlines
25:37 Padded Archer Armor
27:38 Leather Archer Armor
27:45 Hand Cart
Billeybowb
3:03 Loom
12:08 Feudal Age
15:16 Scale Barding Armor
15:21 Forging
20:57 Castle Age
21:24 Double-Bit Axe
22:34 Bow Saw
MampeJr
8:34 Loom
13:18 Feudal Age
13:52 Double-Bit Axe
16:48 Castle Age
14:33 Horse Collar
17:58 Bow Saw
18:16 Heavy Plow
23:28 Wheelbarrow
_PACC_
8:24 Loom
14:31 Feudal Age
18:25 Castle Age
Connection lost

Rejoining the realm…

Still unreachable

The connection could not be restored.

Session expired

The server has moved on; the page needs a fresh start.